Map: Thunderbird LE

Players

Infernio - Winner!

  • Race: Protoss Protoss
  • League: Platinum
  • Spawn Location: 5:00

pHARM

  • Race: Zerg Zerg
  • League: Platinum
  • Spawn Location: 11:00

VOD

Have the link to the VOD?

Description

Time

  • Played on: Aug. 4, 2019, 8:12 a.m.
  • Length: 11:03
Show
View Real Time Build Order
Export as new Build Order

Infernio Protoss - Winner!

Build Orders: 1 Gate Expand, Zealot Archon 

Get SALT Encoding   

  12  0:01  Probe  
  13  0:13  Probe  
  14  0:20  Pylon  
  14  0:25  Probe  
  15  0:37  Probe  
  15  0:42  Gateway  
  16  0:45  Probe  
  17  0:51  Assimilator  
  17  0:53  Probe  
  17  1:03  Pylon  
  18  1:05  Probe  
  19  1:17  Probe  
  20  1:21  Pylon  
  21  1:34  Nexus  
  20  1:42  Probe  
  20  1:47  Cybernetics Core  
  21  1:54  Probe  
  21  1:58  Assimilator  
  21  2:00  Pylon  
  22  2:06  Probe  
  23  2:16  Adept  
  23  2:18  Probe  
  24  2:25  Warp Gate  
  26  2:30  Probe  
  26  2:36  Twilight Council  
  27  2:42  Probe  
  27  2:43  Stalker  
  28  2:47  Probe  
  31  2:54  Probe  
  31  2:56  Gateway  
  32  2:59  Probe, Resonating Glaives  
  33  3:06  Probe  
  34  3:18  Probe  
  35  3:24  Gateway  
  35  3:28  Adept  
  35  3:31  Probe x2  
  39  3:43  Probe x2  
  41  4:04  Probe x2  
  41  4:16  Probe  
  42  4:17  Nexus  
  42  4:19  Pylon  
  42  4:21  Pylon  
  42  4:22  Probe  
  42  4:24  Assimilator  
  43  4:26  Assimilator, Pylon  
  43  4:28  Probe  
  43  4:30  Pylon  
  44  4:31  Adept  
  44  4:37  Probe  
  47  4:40  Probe  
  47  4:42  Adept  
  47  4:43  Adept  
  52  4:49  Probe  
  53  4:53  Probe  
  53  4:54  Gateway  
  54  5:01  Probe  
  54  5:05  Probe  
  54  5:06  Pylon  
  56  5:12  Adept x3  
  56  5:13  Probe  
  63  5:17  Probe  
  63  5:21  Pylon  
  64  5:25  Probe, Forge  
  64  5:26  Pylon  
  65  5:29  Probe  
  65  5:33  Robotics Facility  
  65  5:35  Templar Archives  
  66  5:38  Probe, Charge  
  67  5:46  Adept  
  67  5:47  Adept x2  
  67  5:49  Sentry  
  71  6:13  Adept x4  
  71  6:53  Immortal  
  61  6:54  Protoss Ground Weapons Level 1  
  61  6:56  Adept x4  
  67  7:10  Gateway  
  67  7:11  Gateway  
  67  7:13  Gateway  
  65  7:16  Gateway  
  65  7:17  Gateway  
  65  7:19  High Templar x4  
  65  7:20  Gateway  
  67  7:22  Pylon  
  67  7:24  Immortal  
  67  7:27  Pylon  
  71  7:37  Gateway  
  71  7:39  Archon  
  71  7:40  Archon, Gateway  
  71  7:53  Probe x3  
  74  7:59  Zealot  
  74  8:00  Zealot x2  
  74  8:05  Probe x2  
  66  8:14  Zealot x6  
  66  8:18  Probe  
  77  8:22  Probe  
  77  8:23  Immortal, Probe  
  83  8:31  Probe  
  84  8:34  Photon Cannon, Probe  
  84  8:35  Probe, Pylon  
  84  8:36  Shield Battery  
  84  8:40  High Templar  
  84  8:41  High Templar x4  
  96  8:42  High Templar  
  96  8:43  High Templar  
  96  8:44  Archon  
  96  8:45  Archon  
  96  8:46  Archon  
  96  8:48  Zealot  
  102  8:49  Zealot  
  102  8:51  Zealot  
  102  8:54  High Templar  
  108  8:59  Archon  
  112  9:02  Warp Prism  
  112  9:06  Pylon  
  110  9:19  Assimilator  
  110  9:20  Pylon  
  110  9:23  Assimilator  
  110  9:35  Nexus  
  110  9:36  Pylon  
  110  9:39  Probe x2  
  110  9:40  Pylon  
  110  9:43  Stargate  
  110  9:45  Zealot x8  
  128  9:56  Probe x3  
  128  9:58  Pylon  
  128  9:59  Pylon  
  131  10:01  Observer  
  132  10:07  High Templar x3  
  132  10:12  High Templar, Sentry  
  132  10:13  High Templar  
  132  10:14  Zealot x8  
  140  10:17  Archon  
  154  10:22  Observer  
  145  10:51  Stalker x6  
  145  10:52  Stalker x4  
Show
View Real Time Build Order
Export as new Build Order

pHARM Zerg 

Build Orders: Hatch First 

Get SALT Encoding   

  12  0:01  Drone  
  13  0:13  Overlord  
  13  0:18  Drone  
  14  0:31  Drone x2  
  16  0:41  Drone  
  17  1:10  Drone x3  
  20  1:15  Hatchery  
  19  1:28  Drone  
  19  1:32  Spawning Pool  
  19  1:47  Hatchery  
  18  1:50  Drone  
  18  1:51  Drone  
  20  2:08  Drone, Extractor  
  19  2:09  Drone  
  19  2:14  Overlord  
  21  2:27  Overlord  
  22  2:37  Drone x2  
  23  2:50  Drone x2, Queen  
  27  2:55  Queen  
  29  3:01  Drone x4  
  33  3:11  Drone x3  
  36  3:21  Queen  
  38  3:36  Lair  
  37  3:51  Drone  
  37  3:52  Drone x8  
  43  4:16  Evolution Chamber  
  42  4:20  Drone, Roach Warren  
  42  4:21  Drone x7  
  49  4:36  Extractor  
  49  4:37  Extractor  
  47  4:45  Zerg Missile Weapons Level 1  
  47  4:46  Evolution Chamber  
  46  5:10  Drone x2  
  46  5:13  Roach  
  46  5:14  Overlord x3  
  50  5:24  Glial Reconstitution  
  50  5:39  Roach x12  
  74  5:55  Overlord x2  
  74  6:02  Roach  
  74  6:11  Roach x3  
  72  6:22  Overlord x2  
  63  6:30  Drone  
  63  6:31  Drone x13  
  70  6:36  Drone x2  
  51  6:48  Drone x3  
  47  6:58  Drone x6  
  49  7:06  Drone x3  
  49  7:07  Drone, Queen x2  
  57  7:14  Zerg Missile Weapons Level 2  
  57  7:15  Zerg Ground Armor Level 1  
  55  7:29  Drone x8  
  63  7:30  Drone  
  64  7:49  Drone x6  
  64  7:50  Drone x2  
  58  8:20  Drone x11  
  58  8:21  Drone  
  64  8:28  Hydralisk Den, Extractor  
  62  8:34  Infestation Pit  
  62  8:36  Extractor  
  62  8:38  Extractor  
  59  8:58  Hatchery  
  59  8:59  Roach x13  
  84  9:03  Grooved Spines  
  84  9:26  Drone x4  
  84  9:27  Drone  
  89  9:39  Hive  
  89  9:41  Roach x8  
  89  9:42  Overlord  
  89  9:43  Overlord x2  
  105  10:03  Hydralisk  
  105  10:04  Hydralisk x7  
  121  10:18  Hydralisk x4  
  121  10:19  Overlord  
  121  10:20  Overlord  
  120  10:37  Roach  
  120  10:38  Roach x8  
Tags
 
Add a new tag
Caveats
  • Supply blocks, unpowered buildings, or Contaminate may cause inaccurate times.
  • Supply counts are checked every 10 seconds.